 Dungeon Crawl Stone Soup version 0.24.0-1-gfbc8707 (webtiles) character file.

Game seed: 4809057837756290793, levelgen mode: deterministic

181 Fang the Skirmisher (level 5, -5/51 HPs)
             Began as a Gargoyle Berserker on Oct 29, 2019.
             Was a Believer of Trog.
             Slain by an ogre
             ... wielding a +0 giant spiked club
              (13 damage)
             ... on level 4 of the Dungeon.
             The game lasted 00:05:16 (2655 turns).

Fang the Skirmisher (Gargoyle Berserker)            Turns: 2655, Time: 00:05:17

Health: -5/51      AC: 15    Str: 26    XL:     5   Next: 61%
Magic:  5/5        EV:  9    Int:  8    God:    Trog [**....]
Gold:   112        SH:  0    Dex:  9    Spells: 4/4 levels left

rFire    . . .     SeeInvis .   a - +0 hand axe
rCold    . . .     Gourm    .   (no shield)
rNeg     + . .     Faith    .   b - +0 chain mail
rPois    ∞         Spirit   .   (no helmet)
rElec    +         Reflect  .   (no cloak)
rCorr    .         Harm     .   (no gloves)
MR       .....                  s - +1 pair of boots
Stlth    ..........             (no amulet)
HPRegen  0.17/turn              p - ring of flight
MPRegen  0.09/turn              (no ring)

@: berserking, very quick
A: negative energy resistance 1, electricity resistance, unbreathing,
petrification resistance, rot immunity, AC +4
a: Berserk, Trog's Hand, Renounce Religion, Evoke Flight


You were on level 4 of the Dungeon.
You worshipped Trog.
Trog was pleased with you.
You were hungry.

You visited 1 branch of the dungeon, and saw 4 of its levels.

You collected 112 gold pieces.

Inventory:

Hand Weapons
 a - a +0 hand axe (weapon)
Armour
 b - a +0 chain mail (worn)
 s - a +1 pair of boots (worn)
Jewellery
 p - a ring of flight (left hand)
 t - a cursed amulet of regeneration
Wands
 e - a wand of acid (8)
 m - a wand of polymorph (6)
Scrolls
 d - a scroll of blinking {unknown}
 g - 2 scrolls of teleportation {unknown}
 i - a scroll of magic mapping {unknown}
 j - a scroll of fear {unknown}
 n - 2 scrolls of enchant weapon {unknown}
 o - a scroll of immolation {unknown}
 u - a scroll of noise {unknown}
Potions
 f - a potion of degeneration {unknown}
 h - 2 potions of haste {unknown}
 k - a potion of lignification {unknown}
 q - a potion of invisibility {unknown}
 r - a potion of heal wounds {unknown}
 v - a potion of agility {unknown}
Comestibles
 c - 6 rations
 l - 9 chunks of flesh


   Skills:
 * Level 4.6 Fighting
 * Level 3.7 Axes
 + Level 3.3 Armour
 + Level 2.4 Dodging


You had 4 spell levels left.
You didn't know any spells.
Your spell library was empty.

Dungeon Overview and Level Annotations

Branches:
Dungeon (4/15)
 Temple: D:4-7

Altars:
Elyvilon
Fedhas
Wu Jian


Innate Abilities, Weirdness & Mutations

You are resistant to torment.
Your stone body is resilient. (AC +4)
You are immune to poison.
You resist negative energy. (rN+)
You are resistant to electric shocks. (rElec)
You can survive without breathing.
You are immune to petrification.
You are immune to rotting.


Message History

You hit the ogre.
The ogre is heavily wounded.
You hit the ogre.
The ogre is severely wounded.
The ogre hits you with a +0 giant spiked club!!
* * * LOW HITPOINT WARNING * * *
You are too injured to fight recklessly!
You are too injured to fight recklessly!
You are too injured to fight recklessly!
You are too injured to fight recklessly!
You are too injured to fight recklessly!
You are too injured to fight recklessly!
You are too injured to fight recklessly!
You are too injured to fight recklessly!
You closely miss the ogre.
The ogre is severely wounded.
Your chain mail prevents you from hitting the ogre.
The ogre is severely wounded.
The ogre hits you with a +0 giant spiked club!
You die...

## ## #. .# .♣.
... #.#
#######O##
##...##.@.#
#<.♣..))♣....♣
##...##...##...#
#######'## ###
.# .. ... ....
...##


You could see an ogre.

Vanquished Creatures
  An orc priest (D:4)
  Jessica (D:2)
  A worker ant (D:3)
  2 adders (D:2)
  2 worms
  5 dart slugs
  A leopard gecko (D:1)
  3 orcs
  5 bats
  5 giant cockroaches
  7 goblins
  8 hobgoblins
  6 jackals
  3 frilled lizards
  5 kobolds
  10 rats
65 creatures vanquished.

Vanquished Creatures (others)
  A kobold (D:2)
1 creature vanquished.

Grand Total: 66 creatures vanquished

Notes
Turn   | Place    | Note
-------+----------+-------------------------------------------
     0 | D:1      | Fang the Gargoyle Berserker began the quest for the Orb.
     0 | D:1      | Reached XP level 1. HP: 14/14 MP: 1/1
   285 | D:1      | Reached XP level 2. HP: 14/19 MP: 2/2
   680 | D:1      | Reached XP level 3. HP: 22/23 MP: 3/3
  1138 | D:2      | Found a white marble altar of Elyvilon.
  1260 | D:2      | Reached ** piety under Trog
  1260 | D:2      | Reached XP level 4. HP: 25/29 MP: 4/4
  1359 | D:2      | Noticed Jessica
  1361 | D:2      | Killed Jessica
  1361 | D:2      | Reached skill level 4 in Fighting
  1365 | D:2      | Found an ornate altar of the Wu Jian Council.
  1830 | D:3      | Found a blossoming altar of Fedhas.
  1988 | D:3      | Reached XP level 5. HP: 32/33 MP: 5/5
  2645 | D:4      | Noticed an ogre
  2655 | D:4      | Slain by an ogre

Levels and vault maps discovered:
D:1:      dpeg_arrival_chase, layout_loops_ring
D:2:      layout_rooms, lemuel_doored_altar, elyvilon_altar_4, uniq_jessica
D:3:      wad_lake_hut, layout_basic, serial_curves, eino_curves_03,
          eino_curves_03, first_ration, fedhas_altar_2
D:4:      minmay_diamond_boxcup, layout_loops_ring, lemuel_crystal_altar,
          grunt_ministairs_5, uniq_robin

Skill      XL: |  1  2  3  4 |
---------------+-------------+-----
Dodging        | 2 |  2.4
Axes           | 3 |  3.7
Armour         | 3 |  3.3
Fighting       | 4 |  4.6

Action                   |  1- 3 |  4- 6 || total
-------------------------+-------+-------++-------
Melee: Hand axe          |   107 |   132 ||   239
Invok: Berserk           |       |     2 ||     2
  Eat: Chunk             |     1 |     6 ||     7
Armor: Animal skin       |    24 |       ||    24
       Chain mail        |    27 |    76 ||   103
Dodge: Dodged            |    61 |    50 ||   111
